 Dungeon Crawl Stone Soup version 0.28-a0-697-g47f3eba078 (webtiles) character file.

Game seed: 16870267929459558931

132 SmokeWeed the Skirmisher (level 4, 0/37 HPs)
             Began as a Demonspawn Gladiator on Oct 24, 2021.
             Killed from afar by an orc wizard (7 damage)
             ... with a magic dart
             ... on level 4 of the Dungeon.
             The game lasted 00:05:03 (3071 turns).

SmokeWeed the Skirmisher (Demonspawn Gladiator)     Turns: 3071, Time: 00:05:04

Health: 0/37       AC:  8    Str: 15    XL:     4   Next: 92%
Magic:  4/4        EV: 11    Int:  9    God:
Gold:   145        SH:  0    Dex: 15    Spells: 3/3 levels left

rFire   . . .      SeeInvis .   g - +1 spear (venom)
rCold   . . .      Faith    .   (no shield)
rNeg    . . .      Spirit   .   o - +0 ring mail
rPois   .          Reflect  .   c - +0 helmet
rElec   .          Harm     .   (no cloak)
rCorr   .          Rampage  .   (no gloves)
Will    .....                   (no boots)
Stlth   ..........              (no amulet)
HPRegen 0.12/turn               (no ring)
MPRegen 0.09/turn               (no ring)

@: confused
A: icy blue scales 1, powered by pain 1
a: no special abilities


You were on level 4 of the Dungeon.
You visited 1 branch of the dungeon, and saw 4 of its levels.

You collected 145 gold pieces.

Inventory:

Hand Weapons
 a - a +0 long sword
 b - a +0 broad axe
 g - a +1 spear of venom (weapon)
Missiles
 d - 3 throwing nets
 e - 58 stones (quivered)
 j - 49 sling bullets
 k - 20 bolts
 l - 24 arrows
 n - 7 atropa-tipped darts
Armour
 c - a +0 helmet (worn)
 o - a +0 ring mail (worn)
Scrolls
 f - a scroll of fog {unknown}
 h - a scroll of magic mapping {unknown}
 m - a scroll of summoning {unknown}
 p - 2 scrolls of vulnerability {unknown}
 r - a scroll of teleportation {unknown}
 s - a scroll of holy word {unknown}
 t - a scroll of torment {unknown}
Potions
 i - 2 potions of degeneration {unknown}
 q - 2 potions of heal wounds {unknown}
 u - a potion of berserk rage {unknown}
 v - a potion of attraction {unknown}


   Skills:
 * Level 3.6 Fighting
 - Level 2.8 Long Blades
 * Level 2.4 Throwing
 * Level 1.8 Armour
 - Level 2.7 Dodging
 + Level 1.2 Stealth


You had 3 spell levels left.
You didn't know any spells.
Your spell library was empty.

Dungeon Overview and Level Annotations

Branches:
Dungeon (4/15)
 Temple: D:4-7

Altars:

Shops:
D:1 (


Innate Abilities, Weirdness & Mutations

You are partially covered in icy blue scales. (AC +2)
You sometimes gain a little power by taking damage.


Message History

You kill the orc!
The orc wizard gestures at you while chanting.
The puff of flame misses you.
You reach to attack!
You barely miss the orc wizard. You closely miss the orc wizard.
The orc wizard casts a spell at you. You resist with some effort.
You hit the orc wizard.
The orc wizard is moderately wounded.
The orc wizard hits you but does no damage.
The orc priest begins to cast a cantrip, but forgets the words!
You hit the orc wizard but do no damage.
The orc wizard is moderately wounded.
The orc wizard misses you.
The orc wizard gestures at you while chanting.
You are confused.
You closely miss the orc wizard.
The orc wizard is moderately wounded.
The orc wizard closely misses you.
You bump into the rock wall.
The orc priest mumbles some strange prayers to Beogh against you.
Beogh smites you!
* * * LOW HITPOINT WARNING * * *
The orc wizard hits you but does no damage.
You hit the orc wizard.
The orc wizard is poisoned.
The orc wizard is heavily wounded.
The orc priest casts a cantrip, but nothing happens.
The orc wizard hits you with a +0 dagger.
* * * LOW HITPOINT WARNING * * *
You miss the orc wizard.
The orc wizard is severely wounded.
The orc priest looks satisfied for a moment.
The orc wizard closely misses you.
You feel less confused.
The orc wizard points at you and mumbles some strange words.
You are confused.
You bump into the rock wall.
The orc wizard points at you and mumbles some strange words.
The magic dart hits you!
You die...

#.## #.# #.#
#.# #.# #.#
#.#
##########.#
.....oo.@..#
...#####.#.#
..:..#
#######


You could see an orc priest and an orc wizard (very poisoned).

Vanquished Creatures
  A jelly (D:2)
  A hound skeleton (D:4)
  An adder (D:4)
  A gnoll (D:2)
  2 worms
  2 dart slugs
  An orc (D:4)
  4 endoplasms
  4 giant cockroaches
  6 goblins
  3 hobgoblins
  4 jackals (D:3)
  A quokka (D:2)
  4 ball pythons
  11 bats
  2 frilled lizards
  7 kobolds
  8 rats
63 creatures vanquished.

Notes
Turn   | Place    | Note
-------+----------+-------------------------------------------
     0 | D:1      | SmokeWeed the Demonspawn Gladiator began the quest for the
                  | Orb.
     0 | D:1      | Reached XP level 1. HP: 16/16 MP: 1/1
   265 | D:1      | Found Wuariaf's Antique Weapon Emporium.
   424 | D:1      | Gained mutation: You are partially covered in icy blue
                  | scales. (AC +2) [demonic ancestry]
   424 | D:1      | Reached XP level 2. HP: 22/22 MP: 2/2
   893 | D:2      | Reached skill level 3 in Fighting
   893 | D:2      | Gained mutation: You sometimes gain a little power by
                  | taking damage. [demonic ancestry]
   893 | D:2      | Reached XP level 3. HP: 16/29 MP: 3/3
   906 | D:2      | Reached skill level 1 in Armour
  1160 | D:2      | Reached XP level 4. HP: 34/35 MP: 4/4
  1242 | D:2      | Reached skill level 1 in Stealth
  3071 | D:4      | Killed from afar by an orc wizard

Illustrated notes

Levels and vault maps discovered:
D:1:      doesnt_arrival_eight_statues, layout_loops_ring, serial_shops,
          nicolae_shop_trees, minmay_misc_feat_more_columns
D:2:      layout_basic, serial_bayou_pond_b, corexii_hall_statues_deadend
D:3:      layout_loops_ring, serial_aquarium, aquarium_bridge_long_joined
          [aquarium_subvault_bridge, aquarium_subvault_bridge,
          aquarium_subvault_bridge, aquarium_subvault_wall,
          aquarium_subvault_bridge, aquarium_subvault_window],
          aquarium_window_1, aquarium_window_1, aquarium_view_2c,
          aquarium_balcony_3b, aquarium_pool_side
D:4:      layout_rooms, chequers_jeans, minivault_5

Skill      XL: |  1  2  3  4 |
---------------+-------------+-----
Throwing       | 2 |  2.4
Fighting       | 3 |  3.6
Armour         | 1 |  1.8
Stealth        | 1 |  1.2
Long Blades    | |  2.8
Dodging        | |  2.7

Action                   |  1- 3 |  4- 6 || total
-------------------------+-------+-------++-------
Melee: Long sword        |    18 |       ||    18
       Spear             |    54 |    97 ||   151
Throw: Stone             |       |     7 ||     7
 Stab: Sleeping          |     2 |       ||     2
Armor: Leather armour    |    24 |     3 ||    27
       Ring mail         |       |    28 ||    28
Dodge: Dodged            |    53 |    44 ||    97

Table legend: (Time is in decaauts)
 A = Elapsed time spent in this place.
 B = Non-inter-level travel time spent in this place.
 C = Inter-level travel time spent in this place.
 D = Time resting spent in this place.
 E = Time spent auto-exploring this place.
 F = Levels seen in this place.
 G = Mean time per level.
                   A        B        C        D        E       F      G
               +--------+--------+--------+--------+--------+-----+--------+
         Total |   3089 |   3053 |     36 |    225 |   2361 |   4 |  772.2 |
       Dungeon |   3089 |   3053 |     36 |    225 |   2361 |   4 |  772.2 |
               +--------+--------+--------+--------+--------+-----+--------+

Top non-repeatable levels by time:
     D:2: 1228 daAuts
     D:3: 911 daAuts
     D:1: 892 daAuts
     D:4: 57 daAuts
